 Dungeon Crawl Stone Soup version 0.31-a0-255-g9c3d1c461a (webtiles) character file.

Game seed: 16611004064503572596

7121 qw the Skirmisher (level 11, -2/68 HPs)
             Began as a Gargoyle Hexslinger on July 12, 2023.
             Was an Elder of Okawaru.
             Slain by a yak (8 damage)
             ... on level 9 of the Dungeon.
             The game lasted 00:03:07 (6666 turns).

qw the Skirmisher (Gargoyle Hexslinger)             Turns: 6666, Time: 00:03:08

Health: -2/68      AC: 24    Str: 14    XL:     11   Next: 10%
Magic:  14/14      EV: 19    Int: 15    God:    Okawaru [****..]
Gold:   395        SH:  0    Dex: 16    Spells: 11/12 levels left

rFire   + . .        Y - +5 orcbow
rCold   . . .        (shield currently unavailable)
rNeg    + . .        l - +2 ring mail of Valust {rF+ Str+3}
rPois   inf          n - +0 helmet
rElec   +            a - +0 cloak
rCorr   .            d - +2 pair of gloves
SInv    .            (no boots)
Will    .....        c - amulet of faith
Stlth   ++           b - +5 ring of evasion
HPRegen 0.31/turn    (no ring)
MPRegen 0.14/turn

%: faith
@: heroic
A: sickness immunity, AC +8, negative energy resistance 1, electricity
resistance, torment resistance 1, petrification resistance
a: Renounce Religion, Heroism, Finesse


You were on level 9 of the Dungeon.
You worshipped Okawaru.
Okawaru was greatly pleased with you.
You visited 2 branches of the dungeon, and saw 10 of its levels.

You collected 472 gold pieces.
You spent 77 gold pieces at shops.


Innate Abilities, Weirdness & Mutations

You are immune to sickness and miasma.
Your stone body is resilient. (AC +8)
You are immune to poison.
You resist negative energy. (rN+)
You are resistant to electric shocks. (rElec)
You are resistant to unholy torment.
You are immune to petrification.


   Skills:
 - Level 8.0(13.0) Fighting
 + Level 12.8(17.8) Ranged Weapons
 - Level 6.5(11.5) Armour
 - Level 3.0(8.0) Dodging
 - Level 1.0 Spellcasting
 - Level 2.6 Hexes
 + Level 4.6 Invocations


You had 11 spell levels left.
You knew the following spells:

 Your Spells              Type           Power      Damage    Failure   Level
a - Slow                  Hex            32%        N/A       14%         1

Your spell library contained the following spells:

 Spells                   Type           Power      Damage    Failure   Level
 Inner Flame              Hex/Fire       4%         N/A       58%         3
 Portal Projectile        Hex/Tloc       8%         N/A       58%         3
 Cause Fear               Hex            4%         N/A       80%         4

Inventory:

Hand Weapons
 Y - a +5 orcbow (weapon)
Armour
 a - a +0 cloak (worn)
 d - a +2 pair of gloves (worn)
 l - the +2 ring mail of Valust (worn) {rF+ Str+3}
   (You found it on level 4 of the Dungeon)

   Str:       It affects your strength (+3).
   rF:        It protects you from fire.
 n - a +0 helmet (worn)
 t - the +3 hat of Pondering {ponderous, Will+ MP+10 Int+5}
   (You took it off Gastronok on level 8 of the Dungeon)

   Int:       It affects your intelligence (+5).
   MP:        It affects your magic capacity (+10).
   Will:      It increases your willpower.
Jewellery
 b - a +5 ring of evasion (left hand)
 c - an amulet of faith (around neck)
Wands
 r - a wand of digging (14)
Scrolls
 f - a scroll of identify
Potions
 e - 3 potions of enlightenment
 g - 4 potions of might
 h - 2 potions of magic
 i - 3 potions of haste
 j - 3 potions of curing
 k - 2 potions of cancellation
 m - a potion of mutation

Dungeon Overview and Level Annotations

Branches:
Dungeon (9/15)             Temple (1/1) D:4            Lair (0/5) D:9
    Orc: D:9-12

Altars:
Ashenzari
Cheibriados
Dithmenos
Elyvilon
Fedhas
Gozag
Hepliaklqana
Kikubaaqudgha
Makhleb
Okawaru
Qazlal
Ru
Sif Muna
Trog
Uskayaw
Vehumet
Wu Jian
Xom
Yredelemnul
Zin
The Shining One

Shops:
D:4 (


Message History

The killer bee misses you.
The killer bee stings you but does no damage.
The yak gores you but does no damage. x2; The killer bee misses you.
The killer bee stings you but does no damage.
You shoot an arrow. The arrow hits the yak!
The yak is moderately wounded.
The killer bee closely misses you.
The killer bee stings you but does no damage.
The yak gores you. The yak misses you. The killer bee stings you.
The killer bee barely misses you.
You shoot an arrow. The arrow hits the yak!
The yak is heavily wounded.
The killer bee misses you.
The killer bee stings you but does no damage.
The yak closely misses you. The yak misses you.
You shoot an arrow. The arrow hits the yak!
The yak is severely wounded.
The killer bee completely misses you. x3; The killer bee closely misses you.
The yak gores you but does no damage. The yak barely misses you.
You shoot an arrow. The arrow hits the yak!
You kill the yak!
Okawaru accepts your kill. The killer bee closely misses you.
The killer bee stings you but does no damage.
You shoot an arrow. The arrow hits the yak!
The yak is moderately wounded.
The killer bee completely misses you.
The killer bee stings you but does no damage.
The yak barely misses you. The killer bee closely misses you.
The killer bee misses you.
You shoot an arrow. The arrow hits the yak!
The yak is heavily wounded.
The killer bee stings you but does no damage. x2
The yak barely misses you. The killer bee misses you.
The killer bee barely misses you.
You shoot an arrow. The arrow hits the yak!
The yak is severely wounded.
The killer bee misses you. The killer bee completely misses you.
The yak gores you!
You die...

# #...### #.# #......# #
#.#..## ##.# #......##### #
#.##..####..######...........
###.###............'...........
....# ##############...........
...## ###########..[........
##.# #.....................
##.# ......Yy%..###........
##.# ......%@y[.# #####...# #.#
......###### .### #.# ..... #
#.. .... ... .. .


You could see a yak and 2 killer bees.

Vanquished Creatures
  Gastronok (D:8)
  Erica (D:8)
  Pikel (D:7)
  A troll (D:9)
  Prince Ribbit (D:8)
  10 yaks
  Eustachio (D:5)
  A wyvern (D:8)
  Grum (D:8)
  2 steam dragons
  A water moccasin (D:3)
  2 ice beasts (D:7)
  2 black bears
  2 ogres (D:6)
  2 wolves (D:8)
  A centaur (D:6)
  A lemure (D:7)
  A phantom (D:5)
  3 kobold brigands
  6 bullfrogs
  A gnoll sergeant (D:7)
  A scorpion (D:4)
  7 killer bees
  A jelly (D:6)
  2 hounds
  A gnoll bouda (D:5)
  Terence (D:2)
  2 iguanas
  A sleepcap (D:6)
  2 orc wizards
  8 adders
  11 gnolls
  3 shadow imps
  A white imp (D:7)
  2 ufetubi
  3 worms
  A dart slug (D:1)
  14 orcs
  2 bats
  9 endoplasms
  A giant cockroach (D:4)
  7 goblins
  2 hobgoblins
  15 kobolds
  3 quokkas
  6 ball pythons
  3 frilled lizards
  6 rats
157 creatures vanquished.

Notes
Turn   | Place    | Note
-------+----------+-------------------------------------------
     0 | D:1      | qw the Gargoyle Hexslinger began the quest for the Orb.
     0 | D:1      | Reached XP level 1. HP: 12/12 MP: 2/2
     0 | D:1      | 0 ||| qw: Version: 0.3-a-52-g30416fa
     0 | D:1      | 0 ||| qw: Game counter: 6706
     0 | D:1      | 0 ||| qw: Melee chars always use a shield: true
     0 | D:1      | 0 ||| qw: God list: Okawaru
     0 | D:1      | 0 ||| qw: Allow faded altars: false
     0 | D:1      | 0 ||| qw: Do Orc after clearing Dungeon:15 true
     0 | D:1      | 0 ||| qw: Do second Lair branch before Depths: true
     0 | D:1      | 0 ||| qw: Lair rune preference: random
     0 | D:1      | 0 ||| qw: Goals: Normal
     0 | D:1      | 0 ||| PLANNING D:1-11
    78 | D:1      | Reached XP level 2. HP: 16/16 MP: 3/3
   204 | D:1      | Reached skill level 3 in Ranged Weapons
   423 | D:1      | 423 ||| UPGRADING to +2 pair of gloves.
   428 | D:1      | 428 ||| UPGRADING to +0 ring mail.
   438 | D:1      | 438 ||| DROPPING +0 robe.
   439 | D:1      | 439 ||| READING scroll labelled NUTZOA HUSEJASS.
   440 | D:1      | 440 ||| READING 2 scrolls labelled VORPHEC GETU.
   441 | D:1      | 441 ||| READING scroll labelled VEBYTO QAOS.
   444 | D:1      | 444 ||| DROPPING scroll of poison.
   472 | D:2      | Noticed Terence
   486 | D:2      | HP: 2/16 [Terence/+0 short sword (3)]
   488 | D:2      | Killed Terence
   489 | D:2      | Reached XP level 3. HP: 4/22 MP: 4/4
   624 | D:2      | Reached skill level 1 in Armour
   688 | D:2      | Reached XP level 4. HP: 27/27 MP: 5/5
   850 | D:2      | Identified the +2 sling of Crystal {freeze, rC+ Dex+3}
   852 | D:2      | 852 ||| SWAPPING to +2 sling of Crystal {freeze, rC+
                  | Dex+3}.
   853 | D:2      | 853 ||| DROPPING +1 sling.
  1178 | D:2      | 1178 ||| READING 2 scrolls labelled SUTUME RIAJU.
  1179 | D:2      | 1179 ||| READING scroll labelled ANEEMAGUGO.
  1180 | D:2      | 1180 ||| READING scroll labelled PIMUQIE ZIESID.
  1181 | D:2      | 1181 ||| READING 3 scrolls of identify.
  1181 | D:2      | 1181 ||| IDENTIFYING grey potion
  1182 | D:2      | 1182 ||| READING 2 scrolls of identify.
  1182 | D:2      | 1182 ||| IDENTIFYING emerald potion
  1225 | D:3      | Reached skill level 4 in Ranged Weapons
  1228 | D:3      | Reached XP level 5. HP: 31/31 MP: 6/6
  1267 | D:3      | Identified the +3 shadow dragon scales of Shrieking Freedom
                  | {Rampage Drain rElec Int+2 Stlth++++}
  1318 | D:3      | Identified the +0 leather armour of the Equator {-Tele +Inv
                  | MP+9 Str+7}
  1349 | D:3      | Noticed a water moccasin
  1365 | D:3      | Killed a water moccasin
  1366 | D:3      | Reached skill level 5 in Ranged Weapons
  1366 | D:3      | Reached XP level 6. HP: 16/36 MP: 7/7
  1457 | D:3      | Found a faded altar of an unknown god.
  1497 | D:3      | Reached skill level 3 in Fighting
  1712 | D:3      | 1712 ||| UPGRADING to +0 cloak.
  1717 | D:3      | 1717 ||| READING scroll labelled VOBAWK RAQIMM.
  1718 | D:3      | 1718 ||| DRINKING 2 bubbling ruby potions.
  1719 | D:3      | 1719 ||| READING 2 scrolls of identify.
  1719 | D:3      | 1719 ||| IDENTIFYING glowing inky potion
  1979 | D:4      | Identified the +2 ring mail of Valust {rF+ Str+3}
  2011 | D:4      | Found a staircase to the Ecumenical Temple.
  2012 | D:4      | 2012 ||| PLANNING TEMPLE
  2012 | D:4      | 2012 ||| DROPPING +0 leather armour of the Equator {-Tele
                  | +Inv MP+9 Str+7}.
  2013 | D:4      | 2013 ||| UPGRADING to +2 ring mail of Valust {rF+ Str+3}.
  2023 | D:4      | 2023 ||| DROPPING +0 ring mail.
  2029 | Temple   | Entered the Ecumenical Temple
  2047 | Temple   | 2047 ||| PLANNING OKAWARU WORSHIP
  2082 | Temple   | Became a worshipper of Warmaster Okawaru
  2083 | Temple   | 2083 ||| PLANNING D:1-11
  2130 | D:4      | Noticed a black bear
  2136 | D:4      | Killed a black bear
  2137 | D:4      | Reached skill level 6 in Ranged Weapons
  2185 | D:4      | Found a glowing golden altar of the Shining One.
  2336 | D:4      | Found a hazy altar of Hepliaklqana.
  2349 | D:4      | Reached XP level 7. HP: 40/42 MP: 8/8
  2369 | D:4      | 2369 ||| FLEEEEING.
  2370 | D:4      | 2370 ||| FLEEEEING.
  2514 | D:4      | Found Emeomi's Antique Weapon Shop.
  2518 | D:4      | 2518 ||| BUYING orcbow (77 gold).
  2518 | D:4      | Bought an orcbow for 77 gold pieces
  2518 | D:4      | 2518 ||| SWAPPING to +0 orcbow.
  2519 | D:4      | 2519 ||| DROPPING +2 sling of Crystal {freeze, rC+ Dex+3}.
  2520 | D:4      | 2520 ||| READING scroll of enchant weapon.
  2520 | D:4      | 2520 ||| ENCHANTING +0 orcbow.
  2606 | D:4      | 2606 ||| READING 3 scrolls of identify.
  2606 | D:4      | 2606 ||| IDENTIFYING green potion
  2629 | D:5      | Entered Level 5 of the Dungeon
  2754 | D:5      | Reached skill level 7 in Ranged Weapons
  2764 | D:5      | HP: 10/43 [iguana (7)]
  2966 | D:5      | Noticed Eustachio
  2991 | D:5      | Killed Eustachio
  2992 | D:5      | Reached skill level 3 in Armour
  3003 | D:5      | Found a glowing silver altar of Zin.
  3029 | D:5      | Reached * piety under Okawaru
  3030 | D:5      | 3030 ||| INVOKING Heroism.
  3037 | D:5      | Reached XP level 8. HP: 31/48 MP: 6/9
  3122 | D:5      | Found a blossoming altar of Fedhas.
  3478 | D:5      | 3478 ||| UPGRADING to +0 helmet.
  3483 | D:5      | 3483 ||| READING 2 scrolls labelled KIMUUR NUNUSK.
  3484 | D:5      | 3484 ||| READING 4 scrolls of identify.
  3484 | D:5      | 3484 ||| IDENTIFYING bubbling grey potion
  3485 | D:5      | 3485 ||| READING 3 scrolls of identify.
  3485 | D:5      | 3485 ||| IDENTIFYING bubbling amethyst potion
  3486 | D:5      | 3486 ||| DROPPING potion of brilliance.
  3487 | D:5      | 3487 ||| DROPPING scroll of amnesia.
  3609 | D:6      | 3609 ||| INVOKING Heroism.
  3616 | D:6      | Reached skill level 8 in Ranged Weapons
  3637 | D:6      | 3637 ||| INVOKING Heroism.
  3639 | D:6      | Reached skill level 1 in Invocations
  3646 | D:6      | 3646 ||| DRINKING 3 potions of curing.
  3646 | D:6      | 3646 ||| (to cure confusion)
  3651 | D:6      | 3651 ||| INVOKING Heroism.
  4083 | D:6      | 4083 ||| INVOKING Heroism.
  4117 | D:6      | 4117 ||| INVOKING Heroism.
  4123 | D:6      | Reached skill level 3 in Invocations
  4261 | D:6      | Found a shimmering altar of Xom.
  4321 | D:6      | 4321 ||| INVOKING Heroism.
  4395 | D:6      | 4395 ||| SWAPPING to +3 orcbow.
  4396 | D:6      | 4396 ||| DROPPING +1 orcbow.
  4397 | D:6      | 4397 ||| UPGRADING to +5 ring of evasion.
  4398 | D:6      | 4398 ||| READING scroll labelled OMIETHR DOEFEDU.
  4399 | D:6      | 4399 ||| READING 2 scrolls of identify.
  4399 | D:6      | 4399 ||| IDENTIFYING fuming black potion
  4473 | D:7      | Reached XP level 9. HP: 54/54 MP: 10/12
  4525 | D:7      | Reached skill level 9 in Ranged Weapons
  4742 | D:7      | Noticed Pikel
  4743 | D:7      | 4743 ||| INVOKING Heroism.
  4756 | D:7      | Killed Pikel
  4756 | D:7      | Reached ** piety under Okawaru
  4827 | D:7      | 4827 ||| INVOKING Heroism.
  4974 | D:7      | 4974 ||| Stepping ~*~*~tactically~*~*~ (outnumbered).
  4976 | D:7      | 4976 ||| Stepping ~*~*~tactically~*~*~ (outnumbered).
  5069 | D:7      | 5069 ||| UPGRADING to amulet of faith.
  5074 | D:7      | 5074 ||| READING scroll labelled GOMERU XAHO.
  5149 | D:8      | 5149 ||| INVOKING Heroism.
  5152 | D:8      | Noticed Prince Ribbit
  5169 | D:8      | Killed Prince Ribbit
  5170 | D:8      | Reached skill level 10 in Ranged Weapons
  5246 | D:8      | 5246 ||| READING scroll of enchant weapon.
  5246 | D:8      | 5246 ||| ENCHANTING +3 orcbow.
  5336 | D:8      | Noticed Grum
  5337 | D:8      | 5337 ||| INVOKING Heroism.
  5346 | D:8      | Killed Grum
  5347 | D:8      | Reached XP level 10. HP: 43/63 MP: 11/13
  5564 | D:8      | Noticed Erica
  5565 | D:8      | 5565 ||| INVOKING Heroism.
  5578 | D:8      | Killed Erica
  5578 | D:8      | Reached *** piety under Okawaru
  5579 | D:8      | Reached skill level 11 in Ranged Weapons
  5690 | D:8      | Found an opulent altar of Gozag.
  6086 | D:8      | Reached skill level 3 in Dodging
  6186 | D:8      | Noticed Gastronok
  6187 | D:8      | 6187 ||| INVOKING Heroism.
  6204 | D:8      | Killed Gastronok
  6205 | D:8      | Reached skill level 6 in Armour
  6328 | D:8      | 6328 ||| READING scroll labelled RAIPNO GOPROMM.
  6329 | D:8      | 6329 ||| READING scroll labelled ADUNNU KUZAS.
  6330 | D:8      | 6330 ||| DRINKING 2 lumpy purple potions.
  6331 | D:8      | 6331 ||| READING 2 scrolls of identify.
  6331 | D:8      | 6331 ||| IDENTIFYING sapphire potion
  6332 | D:8      | 6332 ||| DROPPING potion of attraction.
  6333 | D:8      | 6333 ||| DROPPING potion of lignification.
  6365 | D:9      | 6365 ||| INVOKING Heroism.
  6379 | D:9      | Received a gift from Okawaru
  6385 | D:9      | Reached skill level 12 in Ranged Weapons
  6391 | D:9      | 6391 ||| STAIRDANCE
  6393 | D:8      | 6393 ||| INVOKING Heroism.
  6523 | D:9      | 6523 ||| READING scroll of enchant weapon.
  6523 | D:9      | 6523 ||| ENCHANTING +4 orcbow.
  6598 | D:9      | Found a staircase to the Lair.
  6628 | D:9      | Reached XP level 11. HP: 64/68 MP: 14/14
  6630 | D:9      | Reached **** piety under Okawaru
  6643 | D:9      | 6643 ||| INVOKING Heroism.
  6655 | D:9      | HP: 15/68 [killer bee (7)]
  6660 | D:9      | HP: 7/68 [yak (5)]
  6666 | D:9      | Slain by a yak

Levels and vault maps discovered:
D:1:      roderic_crossed_star, layout_rooms, minmay_tiny_reverse_x
D:2:      layout_basic, uniq_terence
D:3:      layout_rooms, chequers_ecumenical_altar_simple,
          chequers_hall_statues_wall_a
D:4:      layout_basic, tso_oasis_becter, mainiacjoe_overflow_alcove_1,
          minmay_temple_entry_waves, serial_shops, nicolae_shop_window_shopping
D:5:      nicolae_BIG_FREAKIN_CUBE, layout_loops_ring,
          mainiacjoe_overflow_surrounded_room, zin_academy,
          chequers_serial_rivers_room_b, uniq_eustachio
D:6:      layout_basic, xom_teletrap_fun
D:7:      layout_basic, minmay_unpleasant_kobolds, uniq_pikel
D:8:      layout_basic, grunt_gozag_breadcrumbs, lemuel_flame_loot_1,
          uniq_prince_ribbit1, uniq_erica, uniq_grum, uniq_gastronok
D:9:      layout_basic, lair_entry_dummy
Temple:   eino_wide_crystal_templ

Skill      XL: |  1  2  3  4  5  6  7  8  9 10 |
---------------+-------------------------------+-----
Ranged Weapons | 3 4 5 6 7 8 10 12 | 12.8
Fighting       | 2 3 4 5 7 8 |  8.0
Armour         | 1 3 6 |  6.5
Invocations    | 4 |  4.6
Dodging        | 2 3 |  3.0
Spellcasting   | |  1.0
Hexes          | |  2.6

Action                     |  1- 3 |  4- 6 |  7- 9 | 10-12 || total
---------------------------+-------+-------+-------+-------++-------
   Fire: Sling             |    76 |   170 |    14 |       ||   260
         Orcbow            |       |       |   333 |   135 ||   468
 Invoke: Heroism           |       |       |    11 |     5 ||    16
    Use: Scroll            |     3 |     7 |     9 |     4 ||    23
         Potion            |       |     1 |     1 |     1 ||     3
 Armour: Robe              |     3 |       |       |       ||     3
         Ring mail         |     9 |    38 |   125 |    65 ||   237
  Dodge: Dodged            |    27 |    37 |   219 |   197 ||   480

Table legend:
 A = Non-vault XP
 B = Vault XP
 C = Vault XP percentage of total XP
 D = Non-vault monster count
 E = Vault monster count
 F = Vault count percentage of total count
                 A         B        C        D         E       F
            +---------+---------+-------+---------+---------+-------
      Total |    6019 |    4154 |  40.8 |     139 |      17 |  10.9
            +---------+---------+-------+---------+---------+-------
        D:1 |      19 |       3 |  13.6 |      11 |       2 |  15.4
        D:2 |      83 |      36 |  30.3 |      19 |       1 |   5.0
        D:3 |     251 |       0 |   0.0 |      21 |       0 |   0.0
        D:4 |     309 |       0 |   0.0 |      15 |       0 |   0.0
        D:5 |     396 |     196 |  33.1 |      13 |       1 |   7.1
        D:6 |    1027 |       0 |   0.0 |      21 |       0 |   0.0
        D:7 |     705 |     813 |  53.6 |      13 |       7 |  35.0
        D:8 |     845 |    3106 |  78.6 |      12 |       6 |  33.3
        D:9 |    2384 |       0 |   0.0 |      14 |       0 |   0.0
            +---------+---------+-------+---------+---------+-------
